 Dungeon Crawl Stone Soup version 0.28.0-43-g3370ac3207 (webtiles) character file.

Game seed: 16716190306285453644

32 cbfl8 the Sneak (level 3, -1/33 HPs)
             Began as a Minotaur Delver on Mar 24, 2022.
             Was an Initiate of Cheibriados.
             Slain by an orc
             ... wielding a +0 club
              (3 damage)
             ... on level 6 of the Dungeon.
             The game lasted 00:01:12 (354 turns).

cbfl8 the Sneak (Minotaur Delver)                    Turns: 354, Time: 00:01:12

Health: -1/33      AC:  3    Str: 17    XL:     3   Next: 8%
Magic:  2/2        EV: 12    Int:  8    God:    Cheibriados [......]
Gold:   0          SH:  0    Dex: 14    Spells: 2/2 levels left

rFire   . . .      SeeInvis .   a - +0 hand axe
rCold   . . .      Faith    .   (no shield)
rNeg    . . .      Spirit   .   b - +0 leather armour
rPois   .          Reflect  .   (helmet restricted)
rElec   .          Harm     .   (no cloak)
rCorr   .          Rampage  .   (no gloves)
Will    .....                   (no boots)
Stlth   +++.......              (no amulet)
HPRegen 0.11/turn               (no ring)
MPRegen 0.08/turn               (no ring)

@: very slow
A: horns 2, retaliatory headbutt
a: Renounce Religion


You were on level 6 of the Dungeon.
You worshipped Cheibriados.
Cheibriados was noncommittal.
You visited 1 branch of the dungeon, and saw 2 of its levels.

Inventory:

Hand Weapons
 a - a +0 hand axe (weapon)
Armour
 b - a +0 leather armour (worn)
Wands
 g - a wand of digging (3)
Scrolls
 d - a scroll of magic mapping
Potions
 f - a potion of haste
 h - a potion of curing {unknown}
 i - a potion of mutation {unknown}


   Skills:
 + Level 3.9 Fighting
 + Level 2.6 Axes
 + Level 2.2 Dodging
 + Level 4.7 Stealth


You had 2 spell levels left.
You didn't know any spells.
Your spell library was empty.

Dungeon Overview and Level Annotations

Branches:
Dungeon (6/15)
 Temple: D:4-7

Altars:
Cheibriados


Innate Abilities, Weirdness & Mutations

You have a pair of horns on your head.
You reflexively headbutt those who attack you in melee.


Message History

The orc misses you. The orc hits you but does no damage.
The orc hits you with a +0 club. The orc barely misses you.
There is a stone staircase leading down here.
The orc hits you with a +0 short sword. The orc barely misses you.
You climb downwards.
There is a stone staircase leading up here.
The orc hits you with a +0 short sword. The orc hits you with a +0 club.
You barely miss the orc. x2; The orc closely misses you.
The orc barely misses you.
You hit the orc.
The orc is lightly wounded.
You closely miss the orc. The orc hits you with a +0 short sword.
The orc hits you with a +0 club.
You completely miss the orc. Your headbutt misses the orc.
The orc is lightly wounded.
You hit the orc but do no damage. The orc barely misses you.
The orc hits you with a +0 club.
As you read the scroll of fog, it crumbles to dust.
The scroll dissolves into smoke.
The orc misses you. You furiously retaliate!
You headbutt the orc. The orc hits you with a +0 club.
You slash the orc!
You kill the orc!
Cheibriados appreciates the change of pace.
You completely miss the orc. The orc hits you with a +0 club.
You hit the orc but do no damage. The orc hits you with a +0 club.
* * * LOW HITPOINT WARNING * * *
The orc closely misses you.
You closely miss the orc. The orc closely misses you. You furiously retaliate!
You headbutt the orc, but do no damage. You closely miss the orc.
The orc barely misses you.
You closely miss the orc. The orc completely misses you.
You barely miss the orc. The orc hits you but does no damage.
You closely miss the orc. The orc hits you with a +0 club.
* * * LOW HITPOINT WARNING * * *
The orc barely misses you.
You hit the orc.
The orc is lightly wounded.
The orc hits you with a +0 club.
You die...

########
..§§..#####
#§.§......
+§§§§§....
#o@§.§....
+§§§......
#§§§......
#.........
#.........
#.........
+.........
#.........


You could see an orc.

Vanquished Creatures
  A hound (D:5)
  An orc (D:6)
2 creatures vanquished.

Notes
Turn   | Place    | Note
-------+----------+-------------------------------------------
     0 | D:5      | cbfl8 the Minotaur Delver began the quest for the Orb.
     0 | D:5      | Reached XP level 1. HP: 19/19 MP: 0/0
    18 | D:5      | Noticed a hound
    26 | D:5      | Killed a hound
    27 | D:5      | Reached XP level 2. HP: 19/27 MP: 1/1
    27 | D:5      | Reached XP level 3. HP: 23/33 MP: 2/2
   265 | D:5      | Found a snail-covered altar of Cheibriados.
   292 | D:5      | Became a worshipper of Cheibriados the Contemplative
   354 | D:6      | Slain by an orc

Illustrated notes

Levels and vault maps discovered:
D:5:      layout_rooms, elyvilon_altar_3,
          mainiacjoe_overflow_concentric_impassable, kennysheep_doodads,
          uniq_duvessa
D:6:      layout_basic, hangedman_minor_gate_pass

Action                   || total
-------------------------++-------
Melee: Hand axe          ||    18
       Headbutt          ||     1
  Use: Scroll            ||     2
Armor: Leather armour    ||     3
Dodge: Dodged            ||    27
